 Dungeon Crawl Stone Soup version 0.18-a0-1507-g69458e0 (webtiles) character file.

55 4thArraOfDagon the Skirmisher (level 3, -11/29 HPs)
             Began as a Mummy Chaos Knight on Mar 5, 2016.
             Mangled by a shadow (32 damage)
             ... summoned by the capriciousness of Xom
             ... on level 3 of the Dungeon.
             The game lasted 00:04:07 (688 turns).

4thArraOfDagon the Skirmisher (Mummy Chaos Knight)   Turns: 688, Time: 00:04:07

Health: -11/29     AC:  5    Str: 15    XL:     3   Next: 67%
Magic:  3/3        EV: 11    Int: 12    God:    Xom [*.....]
Gold:   93         SH:  0    Dex: 11    Spells: 0 memorised, 2 levels left

rFire  x . .     SeeInvis .     a - +0 hand axe (chaos)
rCold  + . .     Gourm    .     b - +2 leather armour
rNeg   + + +     Faith    .     (no shield)
rPois  ∞         Spirit   .     (no helmet)
rElec  .         Dismiss  .     (no cloak)
rCorr  .         Reflect  .     (no gloves)
SustAt .         Harm     .     (no boots)
MR     +....                    (no amulet)
Stlth  +.........               h - ring of wizardry
                                g - ring of protection from magic

@: somewhat resistant to hostile enchantments, very unstealthy
A: no food or potions, fire vulnerability, cold resistance 1, negative energy
resistance 3, torment resistance, unbreathing
a: Renounce Religion


You were on level 3 of the Dungeon.
You worshipped Xom.
You were a special plaything of Xom.
You were not hungry.

You visited 1 branch of the dungeon, and saw 4 of its levels.

You collected 93 gold pieces.

Inventory:

Hand Weapons
 a - a +0 hand axe of chaos (weapon)
Armour
 b - a +2 leather armour (worn)
Jewellery
 g - a ring of protection from magic (left hand)
 h - a ring of wizardry (right hand)
Scrolls
 c - a scroll of teleportation {unknown}
 d - a scroll of remove curse
 e - a scroll of identify {unknown}
 f - a scroll of magic mapping {unknown}
 i - a scroll of random uselessness {unknown}
 j - a scroll of fear {unknown}


   Skills:
 + Level 3.3 Fighting
 * Level 3.0 Axes
 + Level 2.1 Armour
 + Level 1.2 Dodging


You had 2 spell levels left.
You didn't know any spells.

Dungeon Overview and Level Annotations

Branches:
Dungeon (4/15)
 Temple: D:4-7

Altars:

Annotations:
D:3 Uhlv's ghost, amateur HOFi


Innate Abilities, Weirdness & Mutations

You do not eat or drink.
Your flesh is vulnerable to fire.
You are immune to poison.
Your flesh is cold resistant.
You are immune to negative energy.
You are immune to unholy pain and torment.
You can survive without breathing.


Message History

The shadow hits you!
A shower of butterflies erupts from you!
Unknown command.
Unknown command.
Enter note: WTF Read which item? (? for menu, Esc to quit)
Okay, then.
The shadow barely misses you.
Unknown command.
The shadow slips into darkness.
The shadow flickers and vanishes!
Unknown command.
Unknown command.
Unknown command.
Unknown command.
Unknown command.
The shadow strikes at you from the darkness!
Ouch! That really hurt!
You die...
Xom chortles!

...#####......
.....?...........##
......(.....b.....#
#....(............#
#.................#
#.................#
#...........b..<..#
)..........bb....##
##...........W..@.#
#......b..#######.#
#..........# ...
.....<.....# .....
#..........#
.......
#..........#
.......
#............
.......
##........####
....... .........##


You could see a shadow.

Vanquished Creatures
  A worm (D:3)
  A dart slug (D:2)
  2 giant geckos
  A ball python (shapeshifter) (D:2)
  A giant cockroach (D:2)
  5 goblins
  7 hobgoblins
  5 jackals
  A quokka (D:2)
  7 bats
  A giant newt (D:2)
  7 kobolds
  3 rats
42 creatures vanquished.

Notes
Turn   | Place    | Note
--------------------------------------------------------------
     0 | D:1      | 4thArraOfDagon the Mummy Chaos Knight began the quest for the Orb.
     0 | D:1      | Reached XP level 1. HP: 18/18 MP: 1/1
     0 | D:1      | something solid
    37 | D:1      | XOM: divination: detect items
    58 | D:1      | Reached skill level 1 in Dodging
    66 | D:1      | XOM: divination: magic mapping
    74 | D:1      | XOM: silly message
    95 | D:1      | XOM: divination: detect creatures
   102 | D:1      | Reached XP level 2. HP: 13/24 MP: 2/2
   291 | D:2      | Reached XP level 3. HP: 26/29 MP: 3/3
   427 | D:1      | XOM: silly message
   482 | D:2      | XOM: divination: magic mapping
   602 | D:3      | Noticed a sky beast
   655 | D:4      | Noticed a slave
   656 | D:4      | Noticed a slave
   656 | D:4      | Noticed a slave
   661 | D:3      | Noticed Uhlv's ghost (amateur HOFi)
   663 | D:3      | XOM: confuse monster(s)
   676 | D:3      | XOM: swap monsters
   681 | D:3      | XOM: medium Necr miscast
   682 | D:3      | Noticed a shadow
   682 | D:3      | Noticed a shadow
   682 | D:3      | XOM: butterfly on damage
   683 | D:3      | WTF
   688 | D:3      | Mangled by a shadow

Vault maps used:
D:1:      lightli_arrival_farm
D:2:      ecumenical_altar_1
D:3:      elyvilon_altar_4, first_bread, minmay_misc_feat_cross, minivault_25,
          grunt_decor_resistance
D:4:      nicolae_ossuary_entry_monument, uniq_robin, uniq_pikel, uniq_natasha,
          uniq_edmund

Skill      XL: |  1  2  3 |
---------------+----------+-----
Dodging        | 1 |  1.2
Armour         | 2 |  2.1
Axes           | 3 |  3.0
Fighting       | |  3.3

Action                   || total
-------------------------++-------
Melee: Hand axe          ||   117
  Use: Scroll            ||     3
